 Dungeon Crawl Stone Soup version 0.29.1-2-gbd0b4ee654 (webtiles) character file.

Game seed: 2260906493153376542

506 safid the Shooter (level 6, -18/87 HPs)
             Began as a Minotaur Hunter on Nov 17, 2022.
             Was a Follower of Okawaru.
             Demolished by Menkaure (22 damage)
             ... on level 4 of the Dungeon.
             The game lasted 00:06:27 (3712 turns).

safid the Shooter (Minotaur Hunter)                 Turns: 3712, Time: 00:06:27

Health: -18/87     AC:  3    Str: 15    XL:     6   Next: 97%
Magic:  5/5        EV: 12    Int:  6    God:    Okawaru [*.....]
Gold:   187        SH:  0    Dex: 16    Spells: 5/5 levels left

rFire   . . .      SeeInvis +   a - +0 shortbow
rCold   . . .      Faith    .   (shield currently unavailable)
rNeg    + . .      Spirit   .   c - +0 leather armour
rPois   .          Reflect  .   (helmet restricted)
rElec   .          Harm     .   (no cloak)
rCorr   .          Rampage  .   (no gloves)
Will    .....                   (no boots)
Stlth   ..........              (no amulet)
HPRegen 0.24/turn               s - ring of see invisible
MPRegen 0.09/turn               h - ring of positive energy

@: berserking, very quick
A: horns 2, retaliatory headbutt
a: Renounce Religion, Heroism


You were on level 4 of the Dungeon.
You worshipped Okawaru.
Okawaru was aware of your devotion.
You visited 1 branch of the dungeon, and saw 4 of its levels.

You collected 187 gold pieces.

Inventory:

Hand Weapons
 a - a +0 shortbow (weapon)
Armour
 c - a +0 leather armour (worn)
Jewellery
 h - a ring of positive energy (right hand)
 s - a ring of see invisible (left hand)
Wands
 q - a wand of polymorph (5)
Scrolls
 b - 3 scrolls of immolation
 e - 3 scrolls of identify {unknown}
 f - a scroll of blinking {unknown}
 g - a scroll of poison {unknown}
 i - a scroll of amnesia {unknown}
 j - a scroll of enchant armour {unknown}
 k - 4 scrolls of teleportation {unknown}
 o - a scroll of torment {unknown}
Potions
 d - 2 potions of magic {unknown}
 l - a potion of berserk rage
 m - a potion of heal wounds {unknown}
 n - a potion of curing {unknown}
 p - a potion of flight {unknown}
 r - a potion of cancellation {unknown}


   Skills:
 + Level 6.6 Fighting
 + Level 7.2 Ranged Weapons
 - Level 2.1 Dodging
 - Level 0.7 Stealth


You had 5 spell levels left.
You didn't know any spells.
Your spell library contained the following spells:

 Spells                   Type           Power      Damage    Failure   Level
 Inner Flame              Hex/Fire       0%         N/A       88%         3
 Portal Projectile        Hex/Tloc       0%         N/A       88%         3
 Cause Fear               Hex            0%         N/A       99%         4
 Blade Hands              Tmut           0%         N/A       100%        5
 Discord                  Hex            0%         N/A       100%        8
 Tukima's Dance           Hex            Unusable   N/A       N/A         3

Dungeon Overview and Level Annotations

Branches:
Dungeon (4/15)
 Temple: D:4-7

Altars:
Okawaru

Portals:
Sewer: D:4

Annotations:
D:4 Menkaure


Innate Abilities, Weirdness & Mutations

You have a pair of horns on your head.
You reflexively headbutt those who attack you in melee.


Message History

The worm is severely wounded.
You shoot an arrow. The arrow hits the worm.
The worm is severely wounded.
The worm bites you!
Menkaure sighs a few words.
Menkaure mumbles some strange words.
Menkaure seems to speed up.
You shoot an arrow. The arrow barely misses the worm.
The worm bites you but does no damage.
You shoot an arrow. The arrow hits the worm.
You kill the worm!
Okawaru accepts your kill. Menkaure hits you!! Menkaure barely misses you.
You are too injured to fight recklessly!
You are too injured to fight recklessly!
Fire: a) +0 shortbow
Press: ? - help, Q - select action, (/) - cycle Shift-Dir - straight line, f - Menkaure
Aim: Menkaure (fast, 79% to hit)
You shoot an arrow. The arrow hits Menkaure.
Menkaure is lightly damaged.
Menkaure closely misses you. You furiously retaliate!
You headbutt Menkaure!
Fire: a) +0 shortbow
Press: ? - help, Q - select action, (/) - cycle Shift-Dir - straight line, f/p - Menkaure
Aim: Menkaure (moderately damaged, fast, 79% to hit)
You shoot an arrow. The arrow hits Menkaure.
Menkaure is heavily damaged.
Menkaure barely misses you.
Unknown command.
Fire: a) +0 shortbow
Press: ? - help, Q - select action, (/) - cycle Shift-Dir - straight line, f/p - Menkaure
Aim: Menkaure (heavily damaged, fast, 79% to hit)
You shoot an arrow. The arrow hits Menkaure.
Menkaure is heavily damaged.
A giant cockroach comes into view.
Menkaure hits you. Menkaure hits you!!
* * * LOW HITPOINT WARNING * * *
It was a potion of berserk rage.
A red film seems to cover your vision as you go berserk!
You feel yourself moving faster!
You feel mighty! Menkaure hits you!!
You die...

## ...~~ .
..~B~ ###.
...~~∩ ....
...~~~
#..####....~~
..........?
#..÷......
#.@# #...)M##
#..... ##....
#...# #...
#... #...


You could see Menkaure (fast) and a giant cockroach.

Vanquished Creatures
  Grinder (D:3)
  An orc priest (D:3)
  Jessica (D:2)
  Terence (D:3)
  Natasha (twice) (D:2)
  2 orc wizards (D:3)
  Robin (D:2)
  3 adders
  2 worms
  4 dart slugs
  7 orcs (D:3)
  7 ball pythons
  4 endoplasms
  A giant cockroach (D:1)
  10 goblins
  12 hobgoblins
  6 jackals
  4 kobolds
  5 quokkas
  5 bats
  7 frilled lizards (D:1)
  4 rats
90 creatures vanquished.

Vanquished Creatures (others)
  2 plants (D:1)
2 creatures vanquished.

Grand Total: 92 creatures vanquished

Notes
Turn   | Place    | Note
-------+----------+-------------------------------------------
     0 | D:1      | safid the Minotaur Hunter began the quest for the Orb.
     0 | D:1      | Reached XP level 1. HP: 18/18 MP: 0/0
   163 | D:1      | Reached XP level 2. HP: 14/25 MP: 1/1
   644 | D:1      | Reached skill level 5 in Ranged Weapons
   644 | D:1      | Reached XP level 3. HP: 31/31 MP: 2/2
  1361 | D:2      | Noticed Robin
  1383 | D:2      | Killed Robin
  1427 | D:2      | Reached XP level 4. HP: 31/40 MP: 3/3
  1524 | D:2      | Noticed Natasha
  1527 | D:2      | Noticed Jessica
  1530 | D:2      | Killed Natasha
  1535 | D:2      | Killed Jessica
  1647 | D:2      | Found a faded altar of an unknown god.
  1667 | D:2      | Identified the +9 dagger of Punishment {flame, rPois rC-
                  | Str+3}
  1712 | D:2      | Reached XP level 5. HP: 42/47 MP: 4/4
  1773 | D:2      | Noticed Natasha
  1780 | D:2      | Killed Natasha
  1846 | D:2      | Found an iron altar of Okawaru.
  1852 | D:2      | Reached skill level 5 in Fighting
  1856 | D:2      | Became a worshipper of Warmaster Okawaru
  2083 | D:3      | Reached skill level 6 in Ranged Weapons
  2158 | D:3      | Noticed Grinder
  2163 | D:3      | Paralysed by Grinder for 2 turns
  2329 | D:3      | Paralysed by Grinder for 5 turns
  2336 | D:3      | Paralysed by Grinder for 2 turns
  2688 | D:3      | Paralysed by Grinder for 2 turns
  2693 | D:3      | Paralysed by Grinder for 3 turns
  2698 | D:3      | Killed Grinder
  2699 | D:3      | Reached XP level 6. HP: 50/57 MP: 5/5
  2781 | D:3      | Reached * piety under Okawaru
  2782 | D:3      | Reached skill level 7 in Ranged Weapons
  2941 | D:3      | Noticed Terence
  2947 | D:3      | Killed Terence
  3480 | D:4      | Noticed Menkaure
  3480 | D:4      | Found a glowing drain.
  3711 | D:4      | HP: 2/58 [Menkaure (22)]
  3712 | D:4      | Demolished by Menkaure

Illustrated notes

Levels and vault maps discovered:
D:1:      onia_arrival_mini_spirals, layout_loops_cross, serial_forest,
          infiniplex_forest_clump_large, infiniplex_forest_end_1,
          infiniplex_forest_end_3, infiniplex_forest_lined_2,
          infiniplex_forest_end_2, infiniplex_forest_clump_tiny
D:2:      layout_loops_cross, ebering_ecumenical_altar_webs, basic_altar,
          uniq_robin, uniq_jessica, uniq_natasha
D:3:      layout_loops_ring, uniq_terence, uniq_grinder
D:4:      layout_cave_pools, slow_altar_2, minmay_temple_entry_slanted,
          portal_sewer_entry_a, uniq_blork_the_orc, uniq_menkaure

Skill      XL: |  1  2  3  4  5  6 |
---------------+-------------------+-----
Fighting       | 3 4 6 |  6.6
Ranged Weapons | 5 6 7 |  7.2
Dodging        | |  2.1
Stealth        | |  0.7

Action                   |  1- 3 |  4- 6 || total
-------------------------+-------+-------++-------
Melee: Unarmed           |       |     1 ||     1
       Shortbow          |       |     1 ||     1
 Fire: Shortbow          |   121 |   188 ||   309
  Use: Potion            |       |     1 ||     1
Armor: Leather armour    |     7 |    20 ||    27
       Skin              |       |     3 ||     3
Dodge: Dodged            |    20 |    52 ||    72
